Map: Emerald City LE

Players

qqq - Winner!

  • Race: Zerg Zerg
  • Spawn Location: 11:00

Massa - Winner!

  • Race: Terran Terran
  • League: Platinum
  • Spawn Location: 11:00

Phil

  • Race: Terran Terran
  • League: Diamond
  • Spawn Location: 5:00

Pitch

  • Race: Zerg Zerg
  • Spawn Location: 5:00

VOD

Have the link to the VOD?

Description

Time

  • Played on: Feb. 7, 2021, 11 a.m.
  • Length: 16:18
Show
View Real Time Build Order
Export as new Build Order

qqq Zerg - Winner!

Build Orders: Hatch First 

Get SALT Encoding   

  12  0:00  Drone  
  13  0:10  Drone  
  14  0:18  Overlord  
  14  0:48  Hatchery  
  13  0:53  Drone x2  
  15  1:06  Drone  
  15  1:07  Drone  
  17  1:20  Drone  
  17  1:24  Spawning Pool  
  17  1:27  Extractor  
  16  1:35  Drone  
  17  1:41  Drone  
  18  1:52  Drone  
  19  1:58  Drone  
  20  2:12  Queen  
  20  2:13  Queen  
  20  2:14  Drone x2  
  25  2:17  Overlord  
  25  2:20  Zergling x2  
  26  2:24  Drone  
  27  2:30  Zergling x2  
  27  2:34  Overlord  
  28  2:43  Zergling x2  
  29  2:45  Drone  
  30  2:53  Zergling x2  
  30  2:55  Drone  
  32  3:03  Zergling x2  
  33  3:09  Drone  
  34  3:14  Zergling x2  
  34  3:16  Hatchery  
  34  3:21  Overlord  
  34  3:22  Zergling x4  
  34  3:23  Drone  
  34  3:24  Zergling x2  
  38  3:32  Zergling x2  
  38  3:33  Zergling x4  
  41  3:34  Zergling x2  
  41  3:39  Zergling x2  
  43  3:46  Zergling x2  
  44  4:00  Zergling x2  
  44  4:01  Zergling x2  
  46  4:03  Metabolic Boost  
  46  4:07  Baneling Nest  
  45  4:12  Lair  
  45  4:14  Zergling x2  
  45  4:17  Evolution Chamber  
  45  4:19  Drone x3, Evolution Chamber  
  45  4:22  Extractor  
  44  4:38  Drone  
  44  4:39  Drone  
  44  4:41  Drone x4  
  44  4:42  Extractor  
  44  4:45  Extractor  
  45  5:03  Drone x4  
  48  5:12  Drone  
  48  5:13  Drone x3  
  48  5:14  Drone x2  
  54  5:18  Baneling x2  
  54  5:25  Drone x2  
  56  5:32  Overlord  
  56  5:40  Zergling x2  
  56  5:41  Zergling x4  
  53  5:57  Spire  
  53  6:03  Zergling x4  
  53  6:04  Drone x5  
  56  6:22  Zergling x2  
  56  6:23  Drone  
  56  6:24  Drone x2  
  59  6:26  Queen  
  61  6:33  Drone  
  62  6:43  Drone x2  
  62  6:44  Drone  
  65  6:48  Extractor  
  65  6:49  Extractor, Overlord x2  
  65  6:50  Hatchery  
  62  6:58  Overlord  
  62  6:59  Overlord x2  
  62  7:06  Baneling x3  
  55  7:31  Mutalisk x2  
  55  7:32  Mutalisk x4  
  55  7:33  Mutalisk x4  
  55  7:36  Mutalisk  
  77  7:40  Mutalisk  
  77  7:42  Mutalisk  
  81  7:50  Mutalisk  
  83  7:51  Mutalisk  
  85  8:03  Mutalisk  
  85  8:04  Mutalisk x2  
  91  8:08  Mutalisk  
  91  8:09  Drone x2  
  91  8:10  Drone x2  
  91  8:33  Drone x6  
  91  8:34  Drone x4  
  93  8:39  Drone x2  
  94  8:41  Mutalisk  
  94  8:42  Mutalisk x2  
  94  8:45  Drone  
  94  8:46  Drone  
  102  8:50  Zerg Flyer Weapons Level 1  
  102  8:54  Mutalisk  
  104  8:56  Drone x2  
  106  9:08  Mutalisk  
  101  9:47  Mutalisk  
  101  9:48  Mutalisk x2  
  101  9:49  Zergling x6  
  107  9:56  Spine Crawler  
  107  9:57  Spine Crawler  
  98  10:08  Zergling x2  
  98  10:14  Mutalisk  
  94  10:24  Mutalisk  
  96  10:35  Overlord  
  96  10:36  Overlord x3  
  96  10:42  Drone  
  96  10:48  Zerg Flyer Armor Level 1  
  96  10:52  Infestation Pit  
  96  10:57  Drone x6  
  96  10:58  Drone  
  96  11:00  Spine Crawler  
  96  11:01  Spine Crawler  
  96  11:02  Spine Crawler  
  93  11:19  Overlord x3  
  93  11:20  Overlord x3  
  72  11:48  Mutalisk  
  72  11:49  Mutalisk x3  
  72  11:50  Mutalisk  
  72  12:14  Mutalisk x3  
  72  12:15  Mutalisk x2  
  62  12:25  Zergling x2  
  63  12:40  Drone  
  63  12:42  Zerg Flyer Weapons Level 2  
  64  12:53  Drone  
  65  13:01  Drone  
  65  13:02  Hatchery  
  65  13:05  Mutalisk x3  
  65  13:09  Hatchery  
  65  13:10  Pneumatized Carapace  
  70  13:13  Overseer  
  70  13:26  Drone x2  
  66  13:35  Drone  
  67  13:49  Drone  
  67  13:55  Drone  
  36  14:12  Zergling x6  
  36  14:13  Drone x2  
  41  14:20  Zerg Ground Armor Level 1  
  41  14:22  Drone  
  42  14:36  Zergling x4  
  42  14:37  Drone x2  
  46  14:39  Drone  
  47  14:52  Centrifical Hooks  
  47  14:55  Drone  
  47  14:58  Drone  
  49  15:00  Drone  
  49  15:02  Drone  
  49  15:04  Drone  
  52  15:09  Baneling x3  
  52  15:10  Baneling x2  
  52  15:13  Drone  
  53  15:14  Drone  
  53  15:17  Drone  
  53  15:19  Drone  
  53  15:21  Drone  
  57  15:25  Drone x2  
  59  15:35  Drone x5  
  64  15:37  Zergling x2  
  63  15:49  Zergling x6  
  65  15:50  Drone x3  
  65  15:51  Drone  
  65  15:55  Drone x2  
Show
View Real Time Build Order
Export as new Build Order

Massa Terran - Winner!

Build Orders: Hellion Banshee 

Get SALT Encoding   

  12  0:00  SCV  
  13  0:12  SCV  
  14  0:20  Supply Depot  
  14  0:24  SCV  
  15  0:41  SCV  
  15  0:42  Barracks  
  16  0:48  Refinery  
  16  0:53  SCV  
  17  1:05  SCV  
  18  1:18  SCV  
  19  1:30  SCV  
  20  1:37  Barracks Reactor  
  20  1:40  Command Center  
  20  1:44  Orbital Command  
  20  1:59  Supply Depot  
  20  2:09  Factory  
  20  2:12  SCV  
  21  2:16  Marine x2  
  23  2:24  SCV  
  24  2:33  Marine  
  24  2:34  Marine  
  24  2:35  Supply Depot  
  24  2:36  SCV  
  27  2:51  Marine x2  
  27  2:54  Hellion  
  31  3:05  Starport  
  31  3:22  Orbital Command  
  31  3:23  SCV  
  31  3:24  Barracks Tech Lab  
  31  3:26  Hellion x2  
  36  3:35  SCV  
  37  3:47  SCV, Hellion x2  
  42  3:49  Refinery, Cloaking Field  
  42  3:59  SCV  
  43  4:09  Hellion x2  
  47  4:11  SCV, Banshee  
  47  4:13  Marine  
  47  4:16  SCV  
  53  4:23  SCV  
  54  4:48  Supply Depot  
  54  4:49  Supply Depot  
  54  4:51  Supply Depot x2  
  54  4:52  Supply Depot  
  54  4:59  Engineering Bay  
  54  5:10  Banshee, Hellion, Marine, SCV x2  
  54  5:11  Hellion  
  64  5:22  SCV x2  
  67  5:32  Command Center  
  67  5:34  SCV x2  
  67  5:35  Barracks  
  69  5:37  Barracks Tech Lab  
  68  5:46  SCV x2  
  70  5:52  Banshee  
  73  5:58  SCV  
  48  6:35  Banshee  
  48  6:36  Barracks Reactor  
  48  6:37  SCV x2  
  51  6:40  Refinery  
  51  6:41  Marauder, Stimpack  
  53  6:49  SCV x2  
  55  7:01  SCV x2  
  56  7:03  Marauder  
  56  7:12  Marine x2  
  58  7:18  Banshee  
  61  7:24  Marauder  
  63  7:30  Marine x2  
  65  7:45  Marine  
  65  7:48  Marine x2  
  68  8:03  Marauder  
  68  8:07  Marine x2  
  67  8:21  Combat Shield  
  67  8:22  Planetary Fortress  
  67  8:24  SCV x2  
  67  8:25  Marauder, Marine x2  
  73  8:36  SCV  
  73  8:37  SCV  
  73  8:39  Barracks x2  
  73  8:40  Barracks, Factory  
  75  8:42  Factory, Terran Infantry Weapons Level 1  
  75  8:43  Marine, Supply Depot x2  
  75  8:46  Armory, Marauder  
  78  8:48  SCV  
  78  8:49  Refinery, SCV  
  80  9:07  Supply Depot  
  80  9:08  Supply Depot  
  74  9:25  SCV x3  
  77  9:37  SCV x3  
  77  9:38  Barracks  
  80  9:39  Factory Tech Lab  
  80  9:45  Barracks Reactor, Barracks Tech Lab x2  
  80  9:46  Factory Tech Lab  
  80  9:47  Factory Tech Lab  
  80  9:48  Terran Vehicle Weapons Level 1  
  80  9:49  SCV x2  
  80  9:51  Command Center  
  80  9:52  Engineering Bay  
  82  10:01  Missile Turret  
  82  10:10  Refinery  
  82  10:13  Refinery, Medivac  
  83  10:23  Command Center, Siege Tank x2  
  83  10:24  Siege Tank  
  89  10:41  Smart Servos  
  89  10:43  Medivac  
  89  10:45  Drilling Claws  
  89  10:47  Concussive Shells  
  89  10:48  Terran Infantry Armor Level 1  
  91  10:55  Siege Tank  
  91  10:56  Siege Tank  
  81  11:37  Marauder x3, Marine  
  81  11:38  Marine x3  
  79  11:50  Siege Tank  
  79  11:51  Siege Tank x2  
  70  11:55  Marine  
  70  11:56  Marine x3  
  70  11:58  Marauder x3  
  69  12:12  Medivac  
  69  12:13  Marine  
  69  12:14  Marine x3  
  69  12:19  Marauder x2  
  69  12:20  Marauder  
  73  12:23  Siege Tank x3  
  73  12:27  Terran Infantry Weapons Level 2  
  76  12:31  Marine x4  
  76  12:41  Marauder x3  
  76  12:43  Terran Vehicle Weapons Level 2  
  82  12:47  SCV  
  82  12:48  SCV x3  
  82  12:49  Marine  
  87  12:55  Siege Tank x2  
  93  13:02  SCV x4, Marauder  
  99  13:12  Medivac  
  101  13:14  SCV x3  
  101  13:15  Terran Infantry Armor Level 2  
  105  13:23  Refinery x2  
  105  13:25  Planetary Fortress  
  105  13:26  SCV x3  
  107  13:33  Marauder x2, Marine  
  107  13:34  Marauder, Marine x3  
  114  13:36  Siege Tank  
  114  13:39  SCV x3  
  123  13:42  Medivac  
  125  13:51  SCV x2, Marine  
  125  13:52  SCV, Marine x3  
  125  13:54  Marine x3  
  135  13:58  Starport  
  135  14:02  Starport  
  135  14:03  SCV x2  
  135  14:04  SCV  
  135  14:05  SCV  
  135  14:08  Command Center  
  135  14:09  Marine x4  
  143  14:10  Siege Tank x2  
  143  14:12  Marine x3, Medivac  
  143  14:15  SCV  
  143  14:16  SCV  
  156  14:22  Supply Depot  
  156  14:23  Supply Depot  
  156  14:24  Supply Depot  
  156  14:25  Supply Depot  
  156  14:30  SCV  
  156  14:32  Marauder  
  156  14:43  Marine x3, Medivac  
  156  14:44  SCV, Marauder  
  156  14:45  SCV x2, Marauder, Marine  
  169  14:46  Supply Depot  
  169  14:49  Supply Depot  
  169  14:51  Supply Depot  
  169  14:52  Supply Depot  
  169  14:53  Marauder  
  169  14:55  Siege Tank x2  
  169  14:56  Siege Tank  
  180  15:01  Marine x3  
  180  15:03  Marine  
  180  15:05  Marauder  
  188  15:07  Marauder  
  187  15:14  Marauder  
  187  15:27  Marauder, Siege Tank x2  
  187  15:28  Marauder  
  184  15:36  Marauder  
  179  15:48  Marauder  
  179  15:49  Marauder  
Show
View Real Time Build Order
Export as new Build Order

Phil Terran 

Build Orders: Liberator Opening 

Get SALT Encoding   

  12  0:00  SCV  
  13  0:12  SCV  
  14  0:17  Supply Depot  
  14  0:24  SCV  
  15  0:29  Refinery  
  15  0:39  SCV  
  16  0:46  Barracks  
  16  0:51  SCV  
  17  1:04  SCV  
  18  1:16  SCV  
  19  1:32  Orbital Command  
  19  1:36  Marine  
  20  1:43  Command Center  
  20  1:54  Factory  
  21  2:01  SCV  
  21  2:06  Barracks Reactor  
  20  2:17  Refinery, Supply Depot  
  20  2:25  SCV  
  21  2:37  SCV  
  21  2:40  Starport  
  22  2:49  SCV  
  22  2:51  Widow Mine x2  
  27  3:04  Refinery  
  27  3:06  Orbital Command  
  27  3:21  Liberator  
  27  3:26  Hellion x2  
  34  3:29  SCV  
  35  3:35  SCV  
  36  3:41  SCV  
  36  3:43  Barracks Reactor, Factory  
  37  3:52  Hellion  
  37  3:53  Hellion  
  41  4:27  SCV x2  
  41  4:29  Factory Tech Lab  
  43  4:39  SCV x2  
  45  4:51  SCV  
  46  5:01  SCV  
  46  5:03  SCV  
  45  5:08  Supply Depot  
  45  5:09  Supply Depot  
  45  5:13  SCV  
  46  5:24  Supply Depot  
  46  5:26  Supply Depot  
  46  5:30  Hellion x2, Liberator x2, Siege Tank  
  59  5:38  SCV x2  
  61  5:50  SCV  
  61  5:51  Hellion x2  
  35  6:53  Hellion x2  
  39  7:19  Hellion x2  
  35  7:39  SCV x2  
  35  7:40  Hellion  
  35  7:41  Hellion, Viking  
  35  7:42  Viking  
  42  7:56  SCV x2  
  40  8:02  Hellion  
  41  8:08  SCV  
  35  8:14  SCV  
  36  8:20  SCV  
  36  8:26  SCV  
  38  8:32  SCV  
  35  8:36  Hellion x2  
  35  8:39  Engineering Bay  
  35  8:40  SCV  
  30  8:44  SCV  
  31  8:52  SCV, Hellion  
  34  8:57  Hellion  
  34  8:58  Hellion  
  33  9:27  SCV x2  
  35  9:34  Missile Turret x2  
  35  9:35  Widow Mine x3  
  41  9:39  SCV x2  
  43  9:51  SCV  
  44  9:56  Widow Mine x2, Missile Turret  
  50  10:00  Hellion  
  38  10:20  SCV  
  38  10:21  SCV  
  40  10:32  SCV  
  41  10:42  Missile Turret  
  41  10:43  SCV, Missile Turret  
  41  10:45  SCV  
  43  10:55  SCV  
  43  10:57  SCV  
  28  11:18  SCV x2  
  29  11:30  SCV x2  
  19  11:48  SCV  
  19  11:53  Widow Mine x3  
  24  12:00  SCV  
  24  12:13  SCV  
  24  12:14  Widow Mine  
  24  12:15  Widow Mine  
  29  12:25  SCV  
  24  12:37  SCV  
  25  12:49  SCV  
  26  13:01  SCV  
  27  13:11  Widow Mine x3  
  27  13:12  Command Center  
  33  13:16  SCV  
  34  13:24  Command Center  
  30  13:33  Widow Mine  
  32  13:45  Widow Mine, Armory  
  32  13:46  Widow Mine  
  36  14:02  SCV  
  37  14:14  SCV  
  38  14:26  SCV  
  38  14:27  Hellion x3  
  45  14:43  Orbital Command  
  45  14:46  SCV x2  
  47  14:59  Siege Tank  
  50  15:21  Hellion x2  
  40  15:31  Hellion  
Show
View Real Time Build Order
Export as new Build Order

Pitch Zerg 

Build Orders: Hatch First 

Get SALT Encoding   

  12  0:00  Drone  
  13  0:13  Drone  
  14  0:19  Overlord  
  14  0:37  Drone  
  14  0:38  Drone x2  
  17  0:49  Drone  
  18  1:03  Hatchery, Extractor  
  16  1:12  Spawning Pool  
  16  1:15  Drone  
  16  1:18  Drone  
  17  1:21  Drone  
  18  1:33  Drone  
  19  1:45  Overlord  
  19  1:54  Drone  
  19  2:00  Queen  
  22  2:05  Metabolic Boost  
  22  2:08  Drone  
  23  2:15  Queen  
  25  2:18  Drone  
  25  2:19  Drone  
  27  2:26  Drone x2  
  29  2:36  Queen  
  31  2:37  Overlord  
  31  2:38  Zergling x2  
  32  2:48  Drone  
  32  2:50  Drone  
  34  3:03  Drone  
  34  3:04  Drone  
  36  3:07  Drone  
  36  3:10  Drone x2  
  36  3:11  Drone x2  
  41  3:22  Overlord  
  41  3:28  Hatchery, Overlord  
  41  3:30  Zergling x6  
  43  3:37  Zergling x2  
  43  3:41  Zergling x8  
  46  3:46  Lair  
  46  3:47  Zergling x2  
  49  3:55  Zergling x4  
  51  4:01  Zergling x2  
  50  4:04  Zergling x4  
  50  4:05  Zergling x2  
  50  4:09  Overlord  
  53  4:19  Zergling x4  
  53  4:20  Zergling x4  
  54  4:44  Baneling Nest  
  54  4:45  Drone x9  
  58  4:51  Roach Warren  
  61  4:53  Hydralisk Den  
  61  4:56  Extractor  
  59  5:08  Queen  
  57  5:14  Queen  
  57  5:19  Overseer  
  57  5:20  Extractor x2  
  57  5:24  Drone, Spine Crawler  
  57  5:25  Drone x13  
  70  5:37  Grooved Spines  
  67  5:47  Roach  
  67  5:48  Roach x3  
  68  6:07  Roach  
  68  6:08  Roach x2  
  71  6:20  Overlord x3  
  71  6:21  Overlord  
  69  6:35  Overlord x3  
  69  6:36  Glial Reconstitution  
  69  6:37  Hatchery  
  68  6:47  Drone  
  68  6:48  Drone x2, Spore Crawler  
  70  7:04  Queen  
  70  7:07  Spore Crawler  
  69  7:15  Roach  
  69  7:16  Roach x11  
  91  7:34  Hatchery  
  90  7:45  Hatchery  
  89  7:52  Overlord x3  
  89  7:55  Extractor  
  89  7:58  Hydralisk x6  
  100  8:18  Queen  
  100  8:19  Queen, Spore Crawler  
  101  8:22  Spore Crawler  
  101  8:24  Hydralisk x7, Spore Crawler  
  115  8:45  Hydralisk  
  115  8:46  Hydralisk x4  
  125  9:06  Hydralisk  
  125  9:07  Hydralisk x7  
  141  9:27  Drone x6  
  141  9:28  Drone x3  
  148  10:01  Hatchery  
  148  10:02  Overlord x2  
  148  10:03  Overlord  
  147  10:15  Overlord x3  
  143  10:33  Hydralisk x7  
  155  10:54  Roach x4  
  155  10:55  Roach x2  
  157  11:38  Hydralisk  
  157  11:39  Hydralisk x10  
  101  12:22  Drone x8  
  91  12:30  Extractor  
  91  12:34  Extractor  
  79  12:51  Evolution Chamber  
  79  12:55  Evolution Chamber  
  77  12:59  Hatchery  
  77  13:01  Hydralisk x10  
  77  13:05  Spore Crawler  
  93  13:31  Hydralisk  
  93  13:32  Hydralisk x9  
  111  13:50  Hatchery  
  110  13:59  Zerg Missile Weapons Level 1, Zerg Ground Armor Level 1  
  110  14:14  Drone  
  110  14:15  Drone x10  
  121  14:27  Infestation Pit  
  120  14:36  Zergling x2  
  120  14:37  Zergling x18  
  116  14:46  Centrifical Hooks  
  116  14:55  Baneling  
  116  14:56  Baneling x9  
  116  15:13  Roach x6  
  110  15:37  Hydralisk x6  
  110  15:38  Hydralisk x4  
Tags
 
Add a new tag
Caveats
  • Supply blocks, unpowered buildings, or Contaminate may cause inaccurate times.
  • Supply counts are checked every 10 seconds.